EL
READING FIGHTIN PHILS @ BOWIE BAYSOX
05/19/2099
 
TOP OF THE 1ST
Reading Fightin Phils batting - Pitching for Bowie Baysox : LHP George Bennett
Pitching: LHP George Bennett
Batting: RHB Adam Beam 0-0: Ball
1-0: Foul Ball, location: 9LMF
1-1: Called Strike
1-2: Ball
2-2: Hit by Pitch
Batting: LHB Jim Unknown 0-0: Called Strike
0-1: Ball
1-1: Ball
2-1: DOUBLE (Flyball, 7LM, EV 99.4 MPH)
Adam Beam to third
Batting: LHB Josh Edwards 0-0: Ground out U3 (Groundball, 3, EV 106.3 MPH)
Batting: LHB Bryce Jackson 0-0: Foul Ball, location: 3F
0-1: Ball
1-1: Foul Ball, location: 2F
1-2: Strikes out swinging
Batting: RHB Marc Paul 0-0: Called Strike
0-1: Ball
1-1: Foul Ball, location: 2F
1-2: Ground out 6-3 (Groundball, 6, EV 81.3 MPH)
Top of the 1st over - 0 runs, 1 hit, 0 errors, 2 left on base; Reading 0 - Bowie 0
BOTTOM OF THE 1ST
Bowie Baysox batting - Pitching for Reading Fightin Phils : RHP Dusty Wiedemann
Pitching: RHP Dusty Wiedemann
Batting: RHB Mark Squier 0-0: Called Strike
0-1: Foul Ball, location: 9LMF
0-2: Foul Ball, location: 2F
0-2: SINGLE (Flyball, 5D, EV 91.3 MPH)
Batting: RHB Josh Apple 0-0: Ball
1-0: Swinging Strike
1-1: Ball
2-1: Foul Ball, location: 2LF
2-2: Ball
3-2: Foul Ball, location: 2F
3-2: Foul Ball, location: 9LSF
3-2: Fly out, F9 (Flyball, 89S, EV 87.5 MPH)
Batting: LHB Jayden Johnson 0-0: Foul Ball, location: 7LSF
0-1: Swinging Strike
0-2: Strikes out swinging
Batting: LHB Jabari Matlock 0-0: Ground out 5-3 (Groundball, 56S, EV 60.6 MPH)
Bottom of the 1st over - 0 runs, 1 hit, 0 errors, 1 left on base; Reading 0 - Bowie 0
TOP OF THE 2ND
Reading Fightin Phils batting - Pitching for Bowie Baysox : LHP George Bennett
Batting: LHB Ryan Price 0-0: Called Strike
0-1: Ball
1-1: Fly out, F7 (Flyball, 78M, EV 91.9 MPH)
Batting: LHB Sean Halliburton 0-0: Ball
1-0: Called Strike
1-1: Foul Ball, location: 3SF
1-2: Fly out, F8 (Flyball, 8LD, EV 98.8 MPH)
Batting: RHB Jim Unknown 0-0: Ground out 6-3 (Groundball, 6, EV 105.0 MPH)
Top of the 2nd over - 0 runs, 0 hits, 0 errors, 0 left on base; Reading 0 - Bowie 0
BOTTOM OF THE 2ND
Bowie Baysox batting - Pitching for Reading Fightin Phils : RHP Dusty Wiedemann
Batting: RHB Chris Brewster 0-0: Foul Ball, location: 9LMF
0-1: Ball
1-1: Foul Ball, location: 5FF
1-2: Fly out, F8 (Flyball, 89D, EV 99.4 MPH)
Batting: LHB Ossie Morales 0-0: SINGLE (Groundball, 34D, EV 103.8 MPH)
Batting: RHB Travis Pesola 0-0: Ball
1-0: Called Strike
1-1: Fielders Choice at 2nd, 5-4 (Groundball, 5S, EV 90.6 MPH)
Batting: LHB Scott Guzik 0-0: Ball
1-0: Foul Ball, location: 23F
1-1: Ball
2-1: Called Strike
2-2: DOUBLE (Line Drive, 5D, EV 96.9 MPH)
Travis Pesola to third
Batting: RHB B.J. Frantz 0-0: Ball
1-0: Called Strike
1-1: Swinging Strike
1-2: Ball
2-2: Ground out 3-1 (Groundball, 34S, EV 86.9 MPH)
Bottom of the 2nd over - 0 runs, 2 hits, 0 errors, 2 left on base; Reading 0 - Bowie 0
TOP OF THE 3RD
Reading Fightin Phils batting - Pitching for Bowie Baysox : LHP George Bennett
Batting: RHB Jim Unknown 0-0: Called Strike
0-1: Ball
1-1: Ball
2-1: Ball
3-1: Base on Balls
Batting: RHB Adam Beam 0-0: SINGLE (Flyball, 6MD, EV 90.6 MPH)
Jim Unknown to second
Batting: LHB Jim Unknown 0-0: Bunted foul
0-1: Bunt missed!
0-2: Ball
1-2: Foul Ball, location: 2F
1-2: Fly out, F8 (Flyball, 8RD, EV 110.0 MPH)
Batting: LHB Josh Edwards 0-0: SINGLE (Line Drive, 9S, EV 90.6 MPH)
Jim Unknown to third
Adam Beam to second
Batting: LHB Bryce Jackson 0-0: Swinging Strike
0-1: Ball
1-1: Foul Ball, location: 2F
1-2: Ball
2-2: Ball
3-2: Foul Ball, location: 5F
3-2: Strikes out swinging
Batting: RHB Marc Paul 0-0: Called Strike
0-1: Ball
1-1: Ball
2-1: Fly out, F8 (Flyball, 8LXD, EV 91.9 MPH)
Top of the 3rd over - 0 runs, 2 hits, 0 errors, 3 left on base; Reading 0 - Bowie 0
BOTTOM OF THE 3RD
Bowie Baysox batting - Pitching for Reading Fightin Phils : RHP Dusty Wiedemann
Batting: RHB Mark Squier 0-0: Ball
1-0: SOLO HOME RUN (Flyball, 7LD, EV 92.5 MPH), Distance : 353 ft
Batting: RHB Josh Apple 0-0: Called Strike
0-1: Fly out, F7 (Flyball, 78M, EV 95.6 MPH)
Batting: LHB Jayden Johnson 0-0: Ball
1-0: Fly out, F8 (Flyball, 8LD, EV 106.3 MPH)
Batting: LHB Jabari Matlock 0-0: Ball
1-0: Called Strike
1-1: Ground out U3 (Groundball, 34S, EV 90.0 MPH)
Bottom of the 3rd over - 1 run, 1 hit, 0 errors, 0 left on base; Reading 0 - Bowie 1
TOP OF THE 4TH
Reading Fightin Phils batting - Pitching for Bowie Baysox : LHP George Bennett
Batting: LHB Ryan Price 0-0: Foul Ball, location: 2F
0-1: Ball
1-1: Ball
2-1: Ball
3-1: Base on Balls
Batting: LHB Sean Halliburton 0-0: Ball
1-0: Called Strike
1-1: Foul Ball, location: 5F
1-2: Strikes out swinging
Batting: RHB Jim Unknown 0-0: Ball
1-0: Ball
Wild Pitch!
Ryan Price to second
2-0: Called Strike
2-1: Ball
3-1: Called Strike
3-2: Strikes out looking
Batting: RHB Jim Unknown 0-0: Foul Ball, location: 2F
0-1: Swinging Strike
0-2: Ball
1-2: Strikes out swinging
Top of the 4th over - 0 runs, 0 hits, 0 errors, 1 left on base; Reading 0 - Bowie 1
BOTTOM OF THE 4TH
Bowie Baysox batting - Pitching for Reading Fightin Phils : RHP Dusty Wiedemann
Batting: RHB Chris Brewster 0-0: Ball
1-0: Ball
2-0: Foul Ball, location: 2F
2-1: Fly out, F7 (Flyball, 7S, EV 88.1 MPH)
Batting: LHB Ossie Morales 0-0: Fly out, F9 (Line Drive, 89D, EV 83.1 MPH)
Batting: RHB Travis Pesola 0-0: Ball
1-0: Ground out 5-3 (Groundball, 56S, EV 66.3 MPH)
Bottom of the 4th over - 0 runs, 0 hits, 0 errors, 0 left on base; Reading 0 - Bowie 1
TOP OF THE 5TH
Reading Fightin Phils batting - Pitching for Bowie Baysox : LHP George Bennett
Batting: RHB Adam Beam 0-0: Ball
1-0: Fly out, F9 (Flyball, 9, EV 87.5 MPH)
Batting: LHB Jim Unknown 0-0: Ball
1-0: Ball
2-0: Foul Ball, location: 2F
2-1: Ball
3-1: Called Strike
3-2: Strikes out looking
Batting: LHB Josh Edwards 0-0: Ball
1-0: Ball
2-0: Ball
3-0: Base on Balls
Batting: LHB Bryce Jackson 0-0: Ball
1-0: Swinging Strike
1-1: Foul Ball, location: 2F
1-2: Ball
2-2: Foul Ball, location: 7LSF
2-2: Ball
3-2: Foul Ball, location: 3F
3-2: Ground out U3 (Groundball, 3, EV 104.4 MPH)
Top of the 5th over - 0 runs, 0 hits, 0 errors, 1 left on base; Reading 0 - Bowie 1
BOTTOM OF THE 5TH
Bowie Baysox batting - Pitching for Reading Fightin Phils : RHP Dusty Wiedemann
Batting: LHB Scott Guzik 0-0: Fly out, F9 (Flyball, 9D, EV 98.1 MPH)
Batting: RHB B.J. Frantz 0-0: Called Strike
0-1: Swinging Strike
0-2: Ball
1-2: Strikes out swinging
Batting: RHB Mark Squier 0-0: Ball
1-0: Foul Ball, location: 23F
1-1: Ground out 4-3 (Groundball, 4, EV 86.3 MPH)
Bottom of the 5th over - 0 runs, 0 hits, 0 errors, 0 left on base; Reading 0 - Bowie 1
TOP OF THE 6TH
Reading Fightin Phils batting - Pitching for Bowie Baysox : LHP George Bennett
Batting: RHB Marc Paul 0-0: Foul Ball, location: 2F
0-1: Ball
1-1: Hit by Pitch
Batting: LHB Ryan Price 0-0: Called Strike
0-1: Foul Ball, location: 7LMF
0-2: Strikes out looking
Batting: LHB Sean Halliburton 0-0: Ball
1-0: Swinging Strike
1-1: Grounds into double play, 6-4-3 (Groundball, 6M, EV 80.0 MPH)
Top of the 6th over - 0 runs, 0 hits, 0 errors, 0 left on base; Reading 0 - Bowie 1
BOTTOM OF THE 6TH
Bowie Baysox batting - Pitching for Reading Fightin Phils : RHP Dusty Wiedemann
Batting: RHB Josh Apple 0-0: Foul Ball, location: 23F
0-1: Ball
1-1: DOUBLE (Line Drive, 9LM, EV 110.6 MPH)
Batting: LHB Jayden Johnson 0-0: Intentional Walk
Batting: LHB Jabari Matlock 0-0: Ball
1-0: Swinging Strike
1-1: Ball
2-1: Called Strike
2-2: Ball
3-2: Base on Balls
Josh Apple to third
Jayden Johnson to second
Batting: RHB Chris Brewster 0-0: Ball
1-0: Ball
2-0: Fly out, F8 (Flyball, 89M, EV 83.1 MPH)
Runner from 3rd tags up, SCORES, throw by CF
Jayden Johnson to third
Batting: LHB Ossie Morales 0-0: Called Strike
0-1: Called Strike
0-2: Ball
1-2: Grounds into double play, 4-6-3 (Groundball, 4, EV 103.1 MPH)
Bottom of the 6th over - 1 run, 1 hit, 0 errors, 1 left on base; Reading 0 - Bowie 2
TOP OF THE 7TH
Reading Fightin Phils batting - Pitching for Bowie Baysox : LHP George Bennett
Batting: RHB Jim Unknown 0-0: Fly out, F6 (Popup, 6D, EV 66.9 MPH)
Batting: RHB Jim Unknown 0-0: SINGLE (Groundball, 4MD, EV 103.1 MPH)
Batting: RHB Adam Beam 0-0: Ball
1-0: Ball
2-0: Foul Ball, location: 5SF
2-1: Swinging Strike
2-2: Foul Ball, location: 9LSF
2-2: Strikes out looking
Pitching: LHP Kyle Sledge
Batting: LHB Jim Unknown 0-0: Ball
1-0: Ball
2-0: Ball
3-0: Base on Balls
Jim Unknown to second
Batting: LHB Josh Edwards 0-0: Foul Ball, location: 2F
0-1: Ball
1-1: Ball
2-1: Foul Ball, location: 3FF
2-2: Ball
3-2: Foul Ball, location: 23F
3-2: Strikes out looking
Top of the 7th over - 0 runs, 1 hit, 0 errors, 2 left on base; Reading 0 - Bowie 2
BOTTOM OF THE 7TH
Bowie Baysox batting - Pitching for Reading Fightin Phils : RHP Dusty Wiedemann
Batting: RHB Travis Pesola 0-0: Called Strike
0-1: Called Strike
0-2: Ball
1-2: DOUBLE (Line Drive, 89M, EV 100.6 MPH)
Batting: LHB Scott Guzik 0-0: Ball
1-0: Called Strike
1-1: Swinging Strike
1-2: Ball
2-2: Foul Ball, location: 5F
2-2: Ball
3-2: Base on Balls
Batting: RHB B.J. Frantz 0-0: Ball
1-0: Called Strike
1-1: Called Strike
1-2: Ball
2-2: Ground out 6-3 (Groundball, 6M, EV 87.5 MPH)
Travis Pesola to third
Scott Guzik to second
Batting: RHB Mark Squier 0-0: Called Strike
0-1: Ball
1-1: Ball
2-1: Foul Ball, location: 2F
2-2: Ball
3-2: Fly out, F4 (Popup, 13S, EV 96.3 MPH)
Batting: RHB Josh Apple 0-0: Foul Ball, location: 9LDF
0-1: Ball
1-1: Ball
2-1: Called Strike
2-2: Foul Ball, location: 25F
2-2: Ground out 6-3 (Groundball, P, EV 92.5 MPH)
Bottom of the 7th over - 0 runs, 1 hit, 0 errors, 2 left on base; Reading 0 - Bowie 2
TOP OF THE 8TH
Reading Fightin Phils batting - Pitching for Bowie Baysox : LHP Kyle Sledge
Pitching: RHP Sergio Rosas
Now at 1B: B.J. Frantz
Now in LF: Jerry Williams
Batting: LHB Bryce Jackson 0-0: Called Strike
0-1: Foul Ball, location: 3FF
0-2: Foul Ball, location: 3F
0-2: Foul Ball, location: 2RF
0-2: Ball
1-2: Strikes out looking
Batting: RHB Marc Paul 0-0: Called Strike
0-1: Called Strike
0-2: Ball
1-2: Strikes out swinging
Batting: LHB Ryan Price 0-0: Ball
1-0: Called Strike
1-1: Ball
2-1: Ball
3-1: Ground out 6-3 (Groundball, 6, EV 108.8 MPH)
Top of the 8th over - 0 runs, 0 hits, 0 errors, 0 left on base; Reading 0 - Bowie 2
BOTTOM OF THE 8TH
Bowie Baysox batting - Pitching for Reading Fightin Phils : RHP Dusty Wiedemann
Batting: LHB Jayden Johnson 0-0: Fly out, F5 (Popup, 5F, EV 57.5 MPH)
Batting: RHB Jerry Williams 0-0: Ball
1-0: Ball
2-0: Fly out, F7 (Flyball, 7LM, EV 79.4 MPH)
Batting: RHB Chris Brewster 0-0: Foul Ball, location: 3FF
0-1: Called Strike
0-2: Ball
1-2: Fly out, F7 (Flyball, 7S, EV 88.8 MPH)
Bottom of the 8th over - 0 runs, 0 hits, 0 errors, 0 left on base; Reading 0 - Bowie 2
TOP OF THE 9TH
Reading Fightin Phils batting - Pitching for Bowie Baysox : RHP Sergio Rosas
Batting: LHB Sean Halliburton 0-0: Ground out 5-3 (Groundball, 5S, EV 83.1 MPH)
Pinch Hitting: LHB Jim Unknown 0-0: Called Strike
0-1: Foul Ball, location: 7LSFF
0-2: Foul Ball, location: 5SF
0-2: Foul Ball, location: 7LSF
0-2: Foul Ball, location: 25F
0-2: Ball
1-2: Fly out, F8 (Flyball, 89M, EV 87.5 MPH)
Batting: RHB Jim Unknown 0-0: Ground out 5-3 (Groundball, 56, EV 83.1 MPH)
Top of the 9th over - 0 runs, 0 hits, 0 errors, 0 left on base; Reading 0 - Bowie 2
Monday, May 6th , 2024 - OOTP Baseball 24.11 Build 85